 Dungeon Crawl Stone Soup version 0.30-a0-1094-g860fb061e7 (webtiles) character file.

Game seed: 3332346866048606615

7457 avis the Severer (level 11, -1/99 HPs)
             Began as a Hill Orc Monk on Apr 17, 2023.
             Was a Priest of Beogh.
             Slain by a death yak (14 damage)
             ... on level 1 of the Lair of Beasts on Apr 18, 2023.
             The game lasted 01:26:23 (11159 turns).

avis the Severer (Hill Orc Monk)                   Turns: 11159, Time: 01:26:23

Health: -1/99      AC:  9    Str: 19    XL:     11   Next: 15%
Magic:  16/16      EV: 11    Int: 10    God:    Beogh [***...]
Gold:   601        SH: 10    Dex: 19    Spells: 10/10 levels left

rFire   . . .      SeeInvis .    b - +1 hand axe (venom)
rCold   . . .      Faith    .    i - +0 kite shield
rNeg    . . .      Spirit   .    W - +0 steam dragon scales
rPois   +          Reflect  .    q - +2 helmet
rElec   .          Rampage  .    (no cloak)
rCorr   .          Rage     3%   H - +1 pair of gloves
Will    .....                    (no boots)
Stlth   ++                       (no amulet)
HPRegen 0.36/turn                o - +6 ring of dexterity
MPRegen 0.15/turn                p - ring of poison resistance

@: no status effects
A: berserk 1, deformed body, MP-powered wands
a: Renounce Religion, Smiting


You were on level 1 of the Lair of Beasts.
You worshipped Beogh.
Beogh was most pleased with you.
You visited 3 branches of the dungeon, and saw 12 of its levels.

You collected 601 gold pieces.

Inventory:

Hand Weapons
 a - a +1 hand axe of draining
 b - a +1 hand axe of venom (weapon)
 j - a +1 mace of protection
 w - a +2 sling of flaming
Armour
 i - a +0 kite shield (worn)
 q - a +2 helmet (worn)
 H - a +1 pair of gloves (worn)
 W - +0 steam dragon scales (worn)
Jewellery
 k - a ring of flight
 m - a ring of protection from fire
 o - a +6 ring of dexterity (left hand)
 p - a ring of poison resistance (right hand)
 F - a ring of ice
 P - a +6 ring of intelligence
Wands
 y - a wand of paralysis (26)
 I - a wand of iceblast (8)
 Q - a wand of mindburst (13)
 U - a wand of flame (37)
Scrolls
 e - a scroll of identify
 h - 3 scrolls of amnesia {unknown}
 s - a scroll of brand weapon {unknown}
 t - 2 scrolls of magic mapping {unknown}
 u - 2 scrolls of vulnerability {unknown}
 v - 3 scrolls of noise {unknown}
 A - a scroll of fog {unknown}
 E - 2 scrolls of teleportation
 G - a scroll of poison {unknown}
 M - 4 scrolls of blinking {unknown}
Potions
 c - a potion of ambrosia
 d - 2 potions of flight
 f - a potion of cancellation
 g - 6 potions of lignification
 n - 3 potions of curing
 r - 2 potions of resistance
 x - 6 potions of magic
 z - a potion of berserk rage {unknown}
 B - 7 potions of haste
 C - a potion of degeneration {unknown}
 D - a potion of heal wounds {unknown}
 N - 3 potions of might
 R - a potion of brilliance {unknown}


   Skills:
 + Level 9.6 Fighting
 - Level 16.0 Axes
 * Level 5.2 Armour
 - Level 3.0 Dodging
 * Level 4.3 Shields
 + Level 7.6 Invocations


You had 10 spell levels left.
You didn't know any spells.
Your spell library contained the following spells:

 Spells                   Type           Power      Damage    Failure   Level
 Hailstorm                Conj/Ice       0%         3d3       97%         3
 Ignite Poison            Fire/Tmut/Pois 0%         N/A       97%         3
 Inner Flame              Hex/Fire       0%         N/A       97%         3
 Volatile Blastmotes      Fire/Tloc      0%         2d10      97%         3
 Flame Wave               Conj/Fire      0%         2d4       100%        4
 Fulminant Prism          Conj/Hex       0%         3d5       100%        4
 Ice Form                 Ice/Tmut       0%         N/A       100%        4
 Iskenderun's Mystic Bla  Conj/Tloc      0%         2d3       100%        4
 Sticky Flame             Conj/Fire      0%         2d3       100%        4
 Lee's Rapid Deconstruct  Erth           0%         3d4*      100%        5
 Simulacrum               Ice/Necr       0%         N/A       100%        6
 Ignition                 Fire           0%         3d3       100%        8


Dungeon Overview and Level Annotations

Branches:
Dungeon (9/15)             Temple (1/1) D:7            Lair (2/5) D:8
  Swamp: Lair:2-3    Shoals: Lair:2-3     Snake: Lair:2-3    Spider: Lair:2-3
    Orc: D:9-12

Altars:
Ashenzari
Cheibriados
Dithmenos
Fedhas
Gozag
Hepliaklqana
Kikubaaqudgha
Makhleb
Nemelex Xobeh
Okawaru
Qazlal
Ru
Sif Muna
Trog
Uskayaw
Vehumet
Wu Jian
Yredelemnul
Zin
The Shining One
Lugonu

Portals:
Abyss: D:6


Innate Abilities, Weirdness & Mutations

You sometimes lose your temper in combat.
Armour fits poorly on your strangely shaped body.
You expend magic power (3 MP) to strengthen your wands.


Message History

The death yak gores you!
You climb upwards.
There is a stone staircase leading down here.
You hit the death yak but do no damage.
The death yak is poisoned.
The death yak gores you!!
You hit the death yak but do no damage.
The death yak looks as sick as possible!
The death yak is lightly wounded.
The death yak gores you!!
You hit the death yak but do no damage.
The death yak is lightly wounded.
You hit the death yak.
The death yak looks as sick as possible!
The death yak is lightly wounded.
The death yak misses you.
You hit the death yak.
The death yak looks as sick as possible!
The death yak is lightly wounded.
You block the death yak's attack.
You hit the death yak.
The death yak is lightly wounded.
The death yak gores you.
You hit the death yak but do no damage.
The death yak looks as sick as possible!
The death yak is moderately wounded.
You hit the death yak but do no damage.
The death yak looks as sick as possible!
The death yak is moderately wounded.
The death yak gores you!!
* * * LOW HITPOINT WARNING * * *
You slash the death yak!
The death yak looks as sick as possible!
The death yak is heavily wounded.
The death yak gores you!
* * * LOW HITPOINT WARNING * * *
You hit the death yak.
The death yak looks as sick as possible!
The death yak is heavily wounded.
The death yak gores you!
You die...

.......# #.#....♣....# .......#
####........# .......#
##.♣...♣.##
#..P..#################........##
...........................♣.....
..................###.......^....
..............#.#.#.....#.##.....
..............#........##.....#..
................@......#.........
..............#.Y.#.#..........#.
...........<..##................#
.................................
###.##P####.#P####..#############
###### ##### ####


You could see a death yak (extremely poisoned).

Vanquished Creatures
  Pikel (D:5)
  Joseph (D:7)
  A kobold demonologist (D:9)
  A komodo dragon (Lair:2)
  A troll (D:9)
  A wraith (D:9)
  5 yaks
  2 steam dragons
  A warg (D:8)
  A water moccasin (Lair:1)
  2 ice beasts
  A black bear (D:6)
  An ogre (D:3)
  4 wolves (Lair:1)
  3 centaurs
  A lemure (D:6)
  A phantom (D:4)
  A kobold brigand (D:7)
  5 bullfrogs
  A scorpion (D:5)
  2 wights (D:8)
  3 howler monkeys
  5 orc priests
  3 jellies
  A hound (D:4)
  6 iguanas
  11 orc wizards
  Robin (D:1)
  8 gnolls
  15 adders
  A shadow imp (D:7)
  A white imp (D:7)
  An ufetubus (D:4)
  2 worms (D:2)
  3 dart slugs
  28 orcs
  13 ball pythons
  11 endoplasms
  3 giant cockroaches
  13 goblins
  9 hobgoblins
  6 jackals
  12 kobolds
  3 quokkas
  6 bats
  4 frilled lizards
  6 rats
  3 lurking horrors (D:6)
215 creatures vanquished.

Vanquished Creatures (collateral kills)
  A black mamba (Lair:1)
  2 cane toads (Lair:1)
  2 komodo dragons (Lair:1)
  3 yaks
  A steam dragon (D:7)
  Menkaure (D:7)
  A warg (D:8)
  An acid dragon (D:8)
  2 water moccasins (Lair:1)
  An orc warrior (D:8)
  An ogre (D:7)
  A centaur (D:7)
  2 wolves (Lair:1)
  A bullfrog (D:7)
  2 wights (D:8)
  A howler monkey (D:8)
  2 hounds (D:7)
  An orc priest (D:8)
  2 kobolds
28 creatures vanquished.

Vanquished Creatures (others)
  2 orc knights (Lair:2)
  2 orc wizards
  3 orcs (D:8)
  A kobold (D:7)
  A butterfly (D:9)
  3 demonic plants (D:2)
  5 fungi
  8 plants
  A withered plant (D:2)
26 creatures vanquished.

Grand Total: 269 creatures vanquished

Notes
Turn   | Place    | Note
-------+----------+-------------------------------------------
     0 | D:1      | avis the Hill Orc Monk began the quest for the Orb.
     0 | D:1      | Reached XP level 1. HP: 19/19 MP: 1/1
    57 | D:1      | Reached XP level 2. HP: 14/26 MP: 2/2
   250 | D:1      | Reached skill level 5 in Axes
   527 | D:1      | Reached XP level 3. HP: 27/31 MP: 3/3
  1221 | D:1      | Reached skill level 6 in Axes
  1255 | D:2      | Noticed Robin
  1292 | D:1      | Killed Robin
  1293 | D:1      | Reached XP level 4. HP: 28/39 MP: 4/4
  1664 | D:2      | Found a faded altar of an unknown god.
  1748 | D:2      | Reached skill level 7 in Axes
  2321 | D:3      | Reached XP level 5. HP: 45/45 MP: 5/5
  2593 | D:3      | Noticed an ogre
  2608 | D:3      | Killed an ogre
  2609 | D:3      | Reached skill level 8 in Axes
  2609 | D:3      | Reached XP level 6. HP: 13/52 MP: 6/6
  2769 | D:3      | Found an ancient bone altar of Kikubaaqudgha.
  3252 | D:3      | Found a hazy altar of Hepliaklqana.
  3365 | D:4      | Reached skill level 9 in Axes
  3664 | D:4      | Reached XP level 7. HP: 59/59 MP: 7/7
  4039 | D:4      | Reached skill level 10 in Axes
  4044 | D:3      | Became a worshipper of Beogh the Brigand
  4044 | D:3      | Reached * piety under Beogh
  4044 | D:3      | Reached ** piety under Beogh
  4306 | D:4      | Found a broken altar of Ashenzari.
  4737 | D:4      | Gained mutation: Armour fits poorly on your strangely
                  | shaped body. [potion of mutation]
  4737 | D:4      | Gained mutation: You sometimes lose your temper in combat.
                  | [potion of mutation]
  4737 | D:4      | Gained mutation: You expend magic power (3 MP) to
                  | strengthen your wands. [potion of mutation]
  4740 | D:5      | Entered Level 5 of the Dungeon
  4766 | D:5      | Reached skill level 1 in Invocations
  4797 | D:5      | Identified the +7 short sword of Domination {heavy, Str+6
                  | Stlth-}
  5042 | D:5      | Reached XP level 8. HP: 58/67 MP: 9/9
  5118 | D:5      | Reached skill level 11 in Axes
  5270 | D:5      | Reached skill level 5 in Fighting
  5672 | D:6      | Identified the +2 leather armour "Xahioreo" {Rampage}
  5936 | D:6      | Noticed Pikel
  5976 | D:5      | Killed Pikel
  5977 | D:5      | Reached skill level 12 in Axes
  6140 | D:6      | Reached skill level 5 in Invocations
  6140 | D:6      | Reached XP level 9. HP: 70/75 MP: 12/12
  6488 | D:6      | Reached skill level 13 in Axes
  6494 | D:6      | Reached *** piety under Beogh
  6884 | D:6      | Found a one-way gate to the infinite horrors of the Abyss.
  6886 | D:6      | Found a corrupted altar of Lugonu.
  7109 | D:6      | Upgraded the game from 0.30-a0-1085-g990a428a5c to
                  | 0.30-a0-1094-g860fb061e7
  7255 | D:7      | Noticed Menkaure
  7265 | D:7      | Killed Menkaure
  7267 | D:7      | Noticed Joseph
  7524 | D:7      | Reached skill level 14 in Axes
  7636 | D:7      | Found a staircase to the Ecumenical Temple.
  7642 | Temple   | Entered the Ecumenical Temple
  7784 | D:7      | Found a burning altar of Makhleb.
  7952 | D:7      | Reached skill level 1 in Shields
  7999 | D:7      | Killed Joseph
  8336 | D:7      | Found a faded altar of an unknown god.
  8336 | D:7      | Found a glowing silver altar of Zin.
  8374 | D:7      | Found a bloodstained altar of Trog.
  8376 | D:7      | Found an opulent altar of Gozag.
  8378 | D:7      | Found a stormy altar of Qazlal.
  8843 | D:8      | Found a staircase to the Lair.
  8851 | D:8      | Reached skill level 1 in Armour
  8851 | D:8      | Reached XP level 10. HP: 88/88 MP: 13/13
  8854 | D:8      | Reached skill level 15 in Axes
  9269 | D:8      | You fall into a shaft and drop 1 floor!
  9325 | D:9      | Noticed a kobold demonologist
  9329 | D:9      | Killed a kobold demonologist
  9384 | D:9      | Identified the +1 robe of Veduik {Drain Will+ Slay+3}
  9657 | D:8      | Reached skill level 16 in Axes
  9884 | Lair:1   | Entered Level 1 of the Lair of Beasts
  9988 | Lair:1   | Noticed a black mamba
  9998 | Lair:1   | Killed a black mamba
 10088 | Lair:1   | Noticed a cane toad
 10098 | Lair:1   | Killed a cane toad
 10156 | Lair:1   | Reached skill level 5 in Armour
 10156 | Lair:1   | Reached XP level 11. HP: 97/97 MP: 14/16
 10929 | Lair:2   | Noticed a death yak
 10929 | Lair:2   | Noticed a death yak
 10929 | Lair:2   | Noticed a death yak
 10930 | Lair:2   | Noticed a death yak
 10931 | Lair:2   | Noticed a death yak
 11159 | Lair:1   | Slain by a death yak

Illustrated notes

Levels and vault maps discovered:
D:1:      dpeg_arrival_arbitrary_b, layout_loops_corners, minmay_three_crescents
D:2:      layout_loops_ring, shapermc_ecumenical_altar_gd, minmay_cupped,
          uniq_robin
D:3:      layout_basic, mainiacjoe_overflow_small_starburst,
          nzn_hepliaklqana_mist_gate, minmay_snake_closets
D:4:      layout_cave_pods, mainiacjoe_overflow_alcove_1
D:5:      layout_rooms, minmay_misc_feat_four_crosses
D:6:      layout_cave_pods, palyth_stone_intersect, grunt_decor_arrowhead,
          minmay_misc_feat_square, amcnicky_altar_lugonu_corruption, uniq_pikel
D:7:      layout_cave_pods, chequers_temple_overflow_minitemple,
          lemuel_tele_altar, temple_green, uniq_menkaure, uniq_joseph
D:8:      layout_rooms, erik_lair_orcish_takeover
D:9:      layout_loops_ring, nicolae_elyvilon_peaceful_grove, special_room
          [special_room_orc], chequers_arboretum, uniq_maurice
Temple:   hellmonk_temple_forest_ring
Lair:1:   layout_big_grid, infiniplex_staircase_pool, lemuel_fruit_tree,
          grunt_megastairs_4
Lair:2:   layout_chaotic_city, nicolae_lair_lakeside_cave

Skill      XL: |  1  2  3  4  5  6  7  8  9 10 11 |
---------------+----------------------------------+-----
Axes           | 5 6 7 8 9 10 12 14 16 | 16.0
Fighting       | 4 6 8 9 |  9.6
Dodging        | 3 |  3.0
Invocations    | 2 5 6 7 |  7.6
Shields        | 2 4 |  4.3
Armour         | 1 5 |  5.2

Action                     |  1- 3 |  4- 6 |  7- 9 | 10-12 || total
---------------------------+-------+-------+-------+-------++-------
  Melee: Hand axe          |    99 |   110 |   178 |   134 ||   521
         War axe           |       |       |    19 |       ||    19
   Fire: Sling             |       |    74 |   121 |       ||   195
         Arbalest          |       |       |       |     4 ||     4
  Throw: Dart              |       |     8 |     3 |       ||    11
 Invoke: Convert to Beogh  |       |       |     1 |       ||     1
         Smiting           |       |       |       |     2 ||     2
    Use: Scroll            |       |       |     8 |     4 ||    12
         Potion            |       |       |     2 |       ||     2
   Stab: Distracted        |       |       |     1 |     2 ||     3
         Sleeping          |       |       |     1 |       ||     1
 Armour: Robe              |    25 |    26 |    27 |       ||    78
         Leather armour    |       |       |    16 |       ||    16
         Steam dragon scal |       |       |     6 |    19 ||    25
  Dodge: Dodged            |    74 |    43 |   130 |    40 ||   287
  Block: Kite shield       |       |       |    16 |    44 ||    60

Table legend: (Time is in decaauts)
 A = Elapsed time spent in this place.
 B = Non-inter-level travel time spent in this place.
 C = Inter-level travel time spent in this place.
 D = Time resting spent in this place.
 E = Time spent auto-exploring this place.
 F = Levels seen in this place.
 G = Mean time per level.
                   A        B        C        D        E       F      G
               +--------+--------+--------+--------+--------+-----+--------+
         Total |  11256 |  10037 |   1219 |   1805 |   4833 |  12 |  938.0 |
       Dungeon |  10091 |   8907 |   1184 |   1634 |   4587 |   9 | 1121.2 |
        Temple |     84 |     79 |      5 |      0 |     19 |   1 |   84.0 |
          Lair |   1080 |   1050 |     30 |    171 |    227 |   2 |  540.0 |
               +--------+--------+--------+--------+--------+-----+--------+

Top non-repeatable levels by time:
     D:6: 1720 daAuts
     D:4: 1661 daAuts
     D:7: 1402 daAuts
     D:1: 1333 daAuts
     D:3: 1248 daAuts
     D:2: 939 daAuts
  Lair:1: 798 daAuts
     D:5: 743 daAuts
     D:8: 686 daAuts
     D:9: 356 daAuts
  Lair:2: 282 daAuts
  Temple: 84 daAuts
